 Dungeon Sprint DCSS version 0.30-a0-883-g5ad918d77d (webtiles) character file.

Game seed: 17377221005786740847

71238 testman the Warrior (level 15, -8/129 HPs)
             Began as a Djinni Gladiator on Mar 17, 2023.
             Was the Champion of Qazlal.
             Killed from afar by an electric golem (26 damage)
             ... with a bolt of lightning
             ... while paralysed by an air elemental
             ... in the Dungeon (Sprint V: "Ziggurat Sprint").
             The game lasted 00:40:45 (1324 turns).

testman the Warrior (Djinni Gladiator)              Turns: 1324, Time: 00:40:46

Health: -8/129     AC: 30    Str: 16    XL:     15   Next: 81%
Gold:   6          EV:  2    Int: 18    God:    Qazlal [******] SH:  0 Dex: 26

rFire   + + +      SeeInvis .    n - +5 demon blade (elec)
rCold   x x .      Faith    .    D - +18 shield of the Gong {Loud rN+ Will+ rCorr EV-5}
rNeg    + . .      Spirit   .    z - +8 fire dragon scales of Puupta {Contam +Inv rF++ rC- Slay+5}
rPois   ∞          Reflect  .    a - +2 helmet "Acsijafu" {Int+2}
rElec   +          Rampage  .    X - +1 cloak {Will+}
rCorr   +          NoTele   +    V - +2 pair of gloves {Str+3}
Will    +++..                    (boots unavailable) Stlth
                                 L - amulet of Vitality {RegenMP++ Regen++}
HPRegen 2.01/turn                w - +6 ring of dexterity
MPRegen 0.00/turn                y - +6 ring of intelligence

@: paralysed, ice-armoured, protected from electricity, flying, repel missiles
A: sickness immunity, fire resistance 2, cold vulnerability 1, float, innate
caster, HP casting, extra vitality 1, clumsy 1, deformed body
a: Renounce Religion, Evoke Invisibility, Upheaval, Elemental Force, Disaster
Area


You were in the Dungeon.
You worshipped Qazlal.
Qazlal was exalted by your worship.
You visited 1 branch You collected 6 gold pieces.

Inventory:

Hand Weapons
 n - a +5 demon blade of electrocution (weapon)
 C - the +11 Singing Sword {sonic wave}
   (You found it in the Dungeon)
 E - the +0 staff of Battle
   (You found it in the Dungeon)

   It enhances your conjuration magic.
   It summons a battlesphere in combat, with strength depending on Conjurations
   skill.
   Its strikes trigger the battlesphere's blasts.
Missiles
 d - 2 throwing nets
 e - a javelin
Armour
 a - the +2 helmet "Acsijafu" (worn) {Int+2}
   (You found it in the Dungeon)

   Int:       It affects your intelligence (+2).
 z - the +8 fire dragon scales of Puupta (worn) {Contam +Inv rF++ rC- Slay+5}
   (You found it in the Dungeon)

   Slay:      It affects your accuracy & damage with ranged weapons and melee
   (+5).
   rF:        It greatly protects you from fire.
   rC:        It makes you vulnerable to cold.
   +Inv:      It lets you turn invisible.
   Contam:    It causes magical contamination when unequipped.
 D - the +18 shield of the Gong (worn) {Loud rN+ Will+ rCorr EV-5}
   (You found it in the Dungeon)

   Loud:      It is deafeningly noisy when blocking attacks.
   EV:        It affects your evasion (-5).
   rN:        It protects you from negative energy.
   rCorr:     It protects you from acid and corrosion.
   Will:      It increases your willpower.
 V - a +2 pair of gloves of strength (worn)
 X - a +1 cloak of willpower (worn)
Magical Staves
 c - a staff of cold
 Q - a staff of death
 S - a staff of air
Jewellery
 v - a +6 ring of dexterity
 w - a +6 ring of dexterity (left hand)
 x - a +6 ring of intelligence
 y - a +6 ring of intelligence (right hand)
 F - the amulet of the Air {Inacc Air Fly rElec RMsl}
   (You found it in the Dungeon)

   [amulet of nothing]

   Inacc:     It reduces the accuracy of your attacks and spells.
   Air:       It enhances your air magic.
   rElec:     It insulates you from electricity.
   Fly:       It grants you flight.
   RMsl:      It protects you from missiles.
 G - a ring of resist corrosion
 K - a ring of see invisible
 L - the amulet of Vitality (around neck) {RegenMP++ Regen++}
   (You found it in the Dungeon)

   [amulet of magic regeneration]

   It increases your rate of magic regeneration.
   Regen:     It increases your rate of health regeneration.
 M - the ring "Piopto" {rC+ rN+ Will+}
   (You took it off a cherub in the Dungeon)

   [ring of protection from cold]

   rC:        It protects you from cold.
   rN:        It protects you from negative energy.
   Will:      It increases your willpower.
 O - a ring of positive energy
 P - the amulet of Egiluat {Reflect Dex+4 SH+5}
   (You found it in the Dungeon)

   [amulet of reflection]

   It reflects blocked missile attacks.
   Dex:       It affects your dexterity (+4).
   SH:        It affects your SH (+5).
 R - the ring of Guileutz {rC+ Int+4}
   (You found it in the Dungeon)

   [ring of protection from cold]

   Int:       It affects your intelligence (+4).
   rC:        It protects you from cold.
 W - the amulet "Zedepp" {rN++ Regen+ Slay+3}
   (You found it in the Dungeon)

   [amulet of regeneration]

   Slay:      It affects your accuracy & damage with ranged weapons and melee
   (+3).
   rN:        It greatly protects you from negative energy.
   Regen:     It increases your rate of health regeneration.
Wands
 s - a wand of mindburst (7)
 t - a wand of iceblast (7)
 u - a wand of acid (7)
 H - a wand of flame (21)
 T - a wand of polymorph (4)
Scrolls
 j - 3 scrolls of blinking
 p - 7 scrolls of fog
 q - 2 scrolls of identify
 r - 2 scrolls of fear
 A - 4 scrolls of brand weapon
Potions
 f - 10 potions of curing
 g - 7 potions of heal wounds
 h - 14 potions of haste
 i - 3 potions of berserk rage
 k - 2 potions of brilliance
 l - 3 potions of invisibility
 m - 4 potions of resistance
 o - 5 potions of might
 Z - a potion of mutation
Miscellaneous
 b - a box of beasts
 B - a lightning rod (4/4)
 I - a condenser vane (inert)
 J - a piece from Xom's chessboard (15/15)
 N - a phantom mirror
 U - a tin of tremorstones (2/2)
 Y - a phial of floods


   Skills:
 + Level 19.3 Fighting
 - Level 17.1 Long Blades
 - Level 1.5 Throwing
 - Level 11.3 Armour
 - Level 16.6 Dodging
 + Level 6.2 Shields
 + Level 15.2 Spellcasting
 + Level 19.0 Invocations
 + Level 13.5 Evocations


You knew the following spells:

 Your Spells              Type           Power      Damage    Failure   Level
a - Shock                 Conj/Air       100%       1d9       1%          1
b - Scorch                Fire           100%       2d10      1%          2
c - Ensorcelled Hibernat  Hex/Ice        100%       N/A       1%          2
d - Ozocubu's Armour      Ice            62%        N/A       1%          3
e - Fulminant Prism       Conj/Hex       31%        3d15      1%          4
f - Fireball              Conj/Fire      31%        3d13      2%          5
g - Simulacrum            Ice/Necr       31%        N/A       13%         6
Your spell library was empty.

Dungeon Overview and Level Annotations

Branches:
Dungeon (1/1)

Altars:
Ashenzari
Cheibriados
Dithmenos
Elyvilon
Fedhas
Gozag
Hepliaklqana
Makhleb
Nemelex Xobeh
Okawaru
Qazlal
Ru
Trog
Uskayaw
Wu Jian
Xom
Yredelemnul
Zin
The Shining One
Jiyva
Lugonu


Innate Abilities, Weirdness & Mutations

You are immune to sickness and miasma.
You are immune to poison.
Your flesh is very heat resistant. (rF++)
You are vulnerable to cold. (rC-)
You float through the air rather than walking.
You learn spells naturally, not from books.
Your magical power is your life essence.
You have superior vitality. (+4 MHP)
You are clumsy. (Dex -2)
Armour fits poorly on your strangely shaped body.


Message History

The bolt of lightning hits you!!
The spriggan air mage waves its arms in wide circles.
The air twists around and strikes you!
The storm dragon breathes lightning at you.
The bolt of lightning is repelled.
The spriggan air mage waves its arms in wide circles.
The air twists around and strikes you!!
* * * LOW HITPOINT WARNING * * *
A storm dragon comes into view.
The electric golem blinks!
A wind drake comes into view.
An air elemental comes into view.
Okay, then.
Unknown command.
Clouds of thunder condense around you!
The condenser dries out!
The wind drake hisses angrily.
You hear an angry hiss.
You hear a deafening roar!
An air elemental comes into view.
The electric golem hurls lightning at you.
The bolt of lightning hits you!
* * * LOW HITPOINT WARNING * * *
A wind drake comes into view.
The spriggan air mage waves its arms in wide circles.
The air twists around and strikes you.
The wind drake is struck by lightning.
A storm dragon comes into view.
A wind drake comes into view.
The storm dragon roars deafeningly!
You hear a shout!
Activating: Elemental Force (0% risk of failure)
Press: ? - help, Dir - look around, f - activate Clouds arounds you coalesce and take form!
The air elemental completely misses your air elemental.
The air elemental fires a burst of electricity at you.
The stunning burst hits the storm dragon.
The storm dragon completely resists.
The stunning burst hits the electric golem.
The electric golem completely resists.
The stunning burst hits you.
You suddenly lose the ability to move!
* * * LOW HITPOINT WARNING * * *
The electric golem hurls lightning at you.
The bolt of lightning hits you!!
You feel protected from electricity.
You die...

▓..[).[
...§§k§iD§§§k..
▓..)))}
...§ED§kEE§§§§..
▓......
...EDDi§CEC§E§..
▓......
....§§9C9E§D§E..
▓......
....§§9DD§§.....
▓......
......°..°......
▓....[†
.........§......
▓......
.....○.@.§......
▓.....†
...▓.○§○.....▓.
▓......
▓▓..☼.E..▓▓
▓......
..▓......°..▓..
▓......
...............
▓......
.......©.......
▓......
▓▓▓▓▓▓▓▓▓▓▓▓▓▓▓▓
▓▓▓▓▓▓▓ ▓......
▓..)[[:


You could see 3 electric golems, 3 titans, 7 storm dragons, 3 wind drakes, 2
spriggan air magi, 3 air elementals, a friendly fire elemental (summoned) and 5
friendly air elementals.

Vanquished Creatures
  2 pearl dragons (D)
  Rupert (D)
  A titan (D)
  Frances (D)
  Agnes (D)
  Polyphemus (D)
  A shadow dragon (D)
  Roxanne (D)
  Donald (D)
  6 nagarajas (D)
  A rockslime (D)
  A nargun (D)
  4 daevas (D)
  3 azure jellies (D)
  A frost giant (D)
  2 emperor scorpions (D)
  A vault warden (D)
  2 ghost moths (D)
  An ironbound preserver (D)
  An ophan (D)
  2 ghouls (D)
  An entropy weaver (D)
  A yaktaur captain (D)
  A vault guard (D)
  2 radroaches (D)
  3 anacondas (D)
  5 naga warriors (D)
  A skeletal warrior (D)
  2 pharaoh ants (D)
  7 soul eaters (D)
  3 cherubim (D)
  A wizard (D)
  A lindwurm (D)
  Pikel (D)
  A necromancer (D)
  An ironbound convoker (D)
  2 steelbarb worms (D)
  2 shining eyes (D)
  A wolf spider (D)
  2 moths of wrath (D)
  A salamander (shapeshifter) (D)
  7 black mambas (D)
  A black mamba (shapeshifter) (D)
  A demonic crawler (D)
  3 eyes of devastation (D)
  9 guardian serpents (D)
  4 naga magi (D)
  Maurice (D)
  A rime drake (shapeshifter) (D)
  Psyche (D)
  A tormentor (D)
  2 freezing wraiths (D)
  2 yaktaurs (D)
  4 hornets (D)
  A polar bear (D)
  2 wind drakes (D)
  A meliai (D)
  5 merfolk (D)
  A tarantella (D)
  Prince Ribbit (D)
  2 shadows (D)
  A jumping spider (D)
  Sigmund (D)
  8 slime creatures (D)
  2 culicivoras (D)
  A vampire (D)
  Eustachio (D)
  A golden eye (D)
  2 neqoxecs (D)
  Grum (D)
  4 redbacks (D)
  7 water moccasins (D)
  4 nagas (D)
  A floating eye (D)
  A hell hound (D)
  2 ice beasts (D)
  A centaur (D)
  A phantom (D)
  2 necrophages (D)
  2 wights (D)
  Dowan (D)
  A quasit (D)
  2 orc priests (D)
  5 jellies (D)
  Jessica (D)
  Ijyb (D)
  An orc wizard (D)
  2 adders (D)
  2 shadow imps (D)
  A white imp (D)
  3 spectral adders (D)
  2 adder zombies (D)
  3 adder skeletons (D)
  An adder simulacrum (D)
  3 spectral bats (D)
  2 bat skeletons (D)
  5 bat zombies (D)
  3 endoplasms (D)
  2 ball pythons (D)
  4 ball python simulacra (D)
  4 ball python skeletons (D)
  A ball python zombie (D)
  A giant cockroach simulacrum (D)
  A giant cockroach zombie (D)
  A jackal simulacrum (D)
  A jackal skeleton (D)
  A quokka skeleton (D)
  3 quokka zombies (D)
  5 spectral ball pythons (D)
  3 spectral quokkas (D)
  A fulminant prism (D)
234 creatures vanquished.

Vanquished Creatures (collateral kills)
  A ghost moth (D)
1 creature vanquished.

Vanquished Creatures (others)
  A fulminant prism (D)
1 creature vanquished.

Grand Total: 236 creatures vanquished

Notes
Turn   | Place    | Note
-------+----------+-------------------------------------------
     0 | D        | testman the Djinni Gladiator began the quest for the Orb.
     0 | D        | Reached XP level 1. HP: 18/18 MP: 0/0
     0 | D        | Found a sacrificial altar of Ru.
     0 | D        | Found a bloodstained altar of Trog.
     0 | D        | Found a stormy altar of Qazlal.
     0 | D        | Found an iron altar of Okawaru.
     0 | D        | Found a sparkling altar of Nemelex Xobeh.
     0 | D        | Found a blossoming altar of Fedhas.
     0 | D        | Found the +6 Majin-Bo {spellvamp, MP+6 Int+6}
     0 | D        | Found the +27 heavy crossbow "Sniper" {heavy, Acc+∞ SInv}
     0 | D        | Found the +10 dark maul {heavy}
     0 | D        | Found the +15 Maxwell's patent armour {-Cast -Tele rElec
                  | Will+ rCorr}
     0 | D        | Found the +18 shield of the Gong {Loud rN+ Will+ rCorr
                  | EV-5}
     0 | D        | Found the +16 obsidian axe {drain, demonic, Mesm Drain Fly
                  | SInv}
     0 | D        | Found the +7 great mace "Firestarter" {flame, inner flame,
                  | rFlCloud rF++}
     0 | D        | Found the +6 shillelagh "Devastator" {shatter}
     0 | D        | Found the +11 plutonium sword {Contam Stlth-}
     0 | D        | Found the +8 lance "Wyrmbane" {slay drac, rPois rF+ rC+
                  | AC+3}
     0 | D        | Found the +9 sword of Zonguldrok {reap}
     0 | D        | Found the +13 scythe of Curses {drain, curses, Drain}
     0 | D        | Found the +9 sword of Power {lifebolt}
     0 | D        | Found the +7 mace of Variability {chaos, chain chaos}
     0 | D        | Found the +11 Singing Sword {sonic wave}
     0 | D        | Found the +8 storm bow {elec, penet}
     2 | D        | Found a transporter.
     2 | D        | Found a viscous altar of Jiyva.
     2 | D        | Found a corrupted altar of Lugonu.
     2 | D        | Found a hazy altar of Hepliaklqana.
     2 | D        | Found a burning altar of Makhleb.
     2 | D        | Found an opulent altar of Gozag.
    71 | D        | Became a worshipper of Qazlal Stormbringer
    79 | D        | Reached skill level 5 in Dodging
    79 | D        | Reached XP level 2. HP: 26/26 MP: 0/0
   108 | D        | Entered arena 2.
   108 | D        | Found a transporter.
   111 | D        | Reached skill level 1 in Invocations
   111 | D        | Reached XP level 3. HP: 27/31 MP: 0/0
   111 | D        | Learned a level 1 spell: Shock
   125 | D        | Entered arena 3.
   125 | D        | Found a transporter.
   129 | D        | Reached * piety under Qazlal
   130 | D        | Reached skill level 5 in Fighting
   130 | D        | Reached skill level 5 in Long Blades
   130 | D        | Reached XP level 4. HP: 28/39 MP: 0/0
   132 | D        | Reached XP level 5. HP: 32/43 MP: 0/0
   132 | D        | Learned a level 2 spell: Scorch
   136 | D        | Got the +0 plate armour of Irenuog {rN+++ Regen+ Str+3
                  | Int-2}
   173 | D        | Entered arena 4.
   173 | D        | Noticed a hell hound
   173 | D        | Found a transporter.
   177 | D        | Reached ** piety under Qazlal
   180 | D        | Killed a hell hound
   181 | D        | Reached XP level 6. HP: 40/50 MP: 0/0
   215 | D        | Entered arena 5.
   215 | D        | Noticed a floating eye
   215 | D        | Found a transporter.
   217 | D        | Reached *** piety under Qazlal
   218 | D        | Killed a floating eye
   219 | D        | Reached skill level 5 in Invocations
   219 | D        | Reached XP level 7. HP: 54/57 MP: 0/0
   219 | D        | Learned a level 2 spell: Ensorcelled Hibernation
   231 | D        | Entered arena 6.
   231 | D        | Found the amulet of Vitality {RegenMP++ Regen++}
   231 | D        | Found a transporter.
   233 | D        | Reached **** piety under Qazlal
   234 | D        | Reached skill level 5 in Spellcasting
   263 | D        | Entered arena 7.
   264 | D        | Found a transporter.
   268 | D        | Reached ***** piety under Qazlal
   283 | D        | Entered arena 8.
   283 | D        | Noticed a neqoxec
   283 | D        | Noticed a black mamba
   283 | D        | Noticed a salamander
   283 | D        | Noticed a rime drake
   283 | D        | Noticed a shining eye
   283 | D        | Noticed a neqoxec
   284 | D        | Killed a rime drake
   284 | D        | Gained mutation: Armour fits poorly on your strangely
                  | shaped body. [a shining eye]
   285 | D        | Reached XP level 8. HP: 64/65 MP: 0/0
   285 | D        | Found a transporter.
   287 | D        | Killed a black mamba
   288 | D        | Reached skill level 10 in Dodging
   288 | D        | Reached XP level 9. HP: 72/72 MP: 0/0
   288 | D        | Learned a level 3 spell: Ozocubu's Armour
   288 | D        | Gained mutation: You are clumsy. (Dex -2) [a shining eye]
   289 | D        | Killed a shining eye
   289 | D        | Reached ****** piety under Qazlal
   291 | D        | Killed a salamander
   308 | D        | Entered arena 9.
   308 | D        | Noticed a freezing wraith
   308 | D        | Noticed a polar bear
   308 | D        | Noticed a freezing wraith
   309 | D        | Found a transporter.
   313 | D        | Reached skill level 10 in Fighting
   313 | D        | Killed a freezing wraith
   313 | D        | HP: 1/74 [freezing wraith (16)]
   315 | D        | Killed a polar bear
   316 | D        | Reached XP level 10. HP: 13/81 MP: 0/0
   319 | D        | Killed a freezing wraith
   325 | D        | Got the ring of Guileutz {rC+ Int+4}
   351 | D        | Entered arena 10.
   352 | D        | Found a transporter.
   357 | D        | Reached skill level 10 in Long Blades
   358 | D        | Reached skill level 10 in Invocations
   360 | D        | HP: 2/83 [merfolk/+0 trident (5)]
   403 | D        | Entered arena 11.
   403 | D        | Noticed a wizard
   403 | D        | Noticed a yaktaur
   403 | D        | Noticed a vault guard
   403 | D        | Noticed an ironbound preserver
   403 | D        | Noticed a yaktaur
   403 | D        | Noticed a vault warden
   403 | D        | Noticed an ironbound convoker
   403 | D        | Noticed a lindwurm
   403 | D        | Noticed a yaktaur captain
   405 | D        | Killed a wizard
   405 | D        | Killed an ironbound convoker
   406 | D        | Reached XP level 11. HP: 79/89 MP: 0/0
   406 | D        | Learned a level 4 spell: Fulminant Prism
   406 | D        | Killed a lindwurm
   406 | D        | Killed an ironbound preserver
   406 | D        | Killed a yaktaur captain
   408 | D        | Killed a vault guard
   411 | D        | Killed a vault warden
   412 | D        | Found a transporter.
   445 | D        | Got the +2 helmet "Acsijafu" {Int+2}
   466 | D        | Entered arena 12.
   466 | D        | Noticed a skeletal warrior
   466 | D        | Noticed a necromancer
   466 | D        | Noticed a ghoul
   467 | D        | Identified the +5 glaive of the Shallot {freeze, rElec rN+
                  | Dex+2}
   469 | D        | Killed a necromancer
   469 | D        | Killed a skeletal warrior
   470 | D        | Reached skill level 10 in Spellcasting
   470 | D        | Reached XP level 12. HP: 83/98 MP: 0/0
   475 | D        | Killed a ghoul
   477 | D        | Found a transporter.
   498 | D        | Entered arena 13.
   499 | D        | Noticed a naga warrior
   503 | D        | Reached skill level 15 in Dodging
   505 | D        | Killed a naga warrior
   533 | D        | Found a transporter.
   570 | D        | Entered arena 14.
   570 | D        | Noticed a nargun
   571 | D        | Noticed a titan
   571 | D        | Noticed an azure jelly
   571 | D        | Noticed an azure jelly
   571 | D        | Noticed a frost giant
   574 | D        | Killed an azure jelly
   574 | D        | Killed an azure jelly
   574 | D        | Killed a frost giant
   577 | D        | Killed a nargun
   584 | D        | Killed a titan
   624 | D        | Found a transporter.
   642 | D        | Got the +8 fire dragon scales of Puupta {Contam +Inv rF++
                  | rC- Slay+5}
   655 | D        | Entered arena 15.
   656 | D        | Noticed a nagaraja
   656 | D        | Noticed a nagaraja
   656 | D        | Found the +10 morningstar "Eos" {elec, Halo rElec}
   657 | D        | Noticed a nagaraja
   659 | D        | Reached skill level 1 in Evocations
   660 | D        | Killed a nagaraja
   660 | D        | Killed a nagaraja
   661 | D        | Reached skill level 15 in Fighting
   661 | D        | Reached XP level 13. HP: 86/107 MP: 0/0
   661 | D        | Learned a level 5 spell: Fireball
   663 | D        | Killed a nagaraja
   687 | D        | Found a transporter.
   710 | D        | Entered arena 16.
   710 | D        | Noticed a shadow dragon
   714 | D        | Reached skill level 1 in Armour
   716 | D        | Found the +0 staff of Battle
   722 | D        | Killed a shadow dragon
   723 | D        | Reached skill level 5 in Evocations
   726 | D        | Reached skill level 15 in Invocations
   735 | D        | Found a transporter.
   741 | D        | Got the amulet of Kaubo {Faith rN+ Str+2 Slay-5}
   762 | D        | Entered arena 17.
   764 | D        | Noticed a pearl dragon
   764 | D        | Noticed a daeva
   764 | D        | Noticed a daeva
   766 | D        | Noticed a daeva
   767 | D        | Noticed an ophan
   767 | D        | Noticed a daeva
   768 | D        | Noticed a pearl dragon
   769 | D        | Killed a daeva
   769 | D        | Killed a pearl dragon
   770 | D        | Killed a daeva
   771 | D        | Reached skill level 5 in Armour
   771 | D        | Identified the ring "Piopto" {rC+ rN+ Will+}
   772 | D        | Killed a daeva
   772 | D        | Killed an ophan
   772 | D        | Killed a daeva
   773 | D        | Reached skill level 15 in Long Blades
   779 | D        | Killed a pearl dragon
   780 | D        | Reached XP level 14. HP: 85/117 MP: 0/0
   797 | D        | Found a transporter.
   824 | D        | Entered arena 18.
   829 | D        | Noticed an azure jelly
   829 | D        | Noticed a rockslime
   831 | D        | Found a transporter.
   839 | D        | Killed an azure jelly
   842 | D        | Killed a rockslime
   848 | D        | Got the amulet of Egiluat {Reflect Dex+4 SH+5}
   872 | D        | Entered arena 19.
   873 | D        | Noticed Agnes
   874 | D        | Noticed Frances
   874 | D        | Noticed Donald
   874 | D        | Identified the +2 robe of the Fiddle {Str+2 Slay+3}
   874 | D        | Noticed Dowan
   875 | D        | Noticed Maurice
   875 | D        | Noticed Eustachio
   875 | D        | Noticed Grum
   875 | D        | Noticed Pikel
   875 | D        | Noticed Polyphemus
   876 | D        | Noticed Psyche
   876 | D        | Noticed Ijyb
   876 | D        | Identified the amulet "Ynkeruad" {Faith Drain rF+++ rC-
                  | Stlth+}
   876 | D        | Noticed Rupert
   876 | D        | Noticed Jessica
   877 | D        | Killed Jessica
   877 | D        | Killed Dowan
   877 | D        | Identified the +1 leather armour of Itirody {+Blink rElec
                  | rCorr}
   877 | D        | Noticed Sigmund
   877 | D        | Noticed Prince Ribbit
   879 | D        | Killed Ijyb
   879 | D        | Killed Pikel
   879 | D        | Killed Sigmund
   879 | D        | Killed Psyche
   879 | D        | Killed Agnes
   882 | D        | Killed Prince Ribbit
   882 | D        | Killed Grum
   882 | D        | Killed Eustachio
   883 | D        | Killed Frances
   885 | D        | Killed Maurice
   885 | D        | Killed Donald
   893 | D        | Killed Rupert
   894 | D        | Reached skill level 10 in Evocations
   896 | D        | Killed Polyphemus
   897 | D        | Identified Roxanne's Textbook on the Valley
   897 | D        | Noticed Roxanne
   934 | D        | Found a transporter.
   957 | D        | Killed Roxanne
  1029 | D        | Entered arena 20.
  1034 | D        | Noticed a ghoul
  1048 | D        | Killed a ghoul
  1069 | D        | Found a transporter.
  1113 | D        | Entered arena 21.
  1117 | D        | Noticed a nagaraja
  1117 | D        | Noticed a nagaraja
  1117 | D        | Identified the +3 falchion "Giantbane" {vamp, rElec rF++}
  1118 | D        | Noticed a nagaraja
  1121 | D        | Killed a nagaraja
  1122 | D        | Reached skill level 10 in Armour
  1122 | D        | Killed a nagaraja
  1123 | D        | Reached XP level 15. HP: 96/126 MP: 0/0
  1123 | D        | Learned a level 6 spell: Simulacrum
  1124 | D        | Killed a nagaraja
  1151 | D        | Found a transporter.
  1193 | D        | Entered arena 22.
  1196 | D        | Noticed an emperor scorpion
  1197 | D        | Noticed an emperor scorpion
  1198 | D        | Killed a ghost moth
  1206 | D        | Found a transporter.
  1209 | D        | Killed an emperor scorpion
  1209 | D        | Killed a ghost moth
  1209 | D        | Killed an emperor scorpion
  1210 | D        | Reached skill level 5 in Shields
  1210 | D        | Reached skill level 15 in Spellcasting
  1217 | D        | Killed a ghost moth
  1219 | D        | Found the amulet of the Air {Inacc Air Fly rElec RMsl}
  1265 | D        | Got the amulet "Zedepp" {rN++ Regen+ Slay+3}
  1316 | D        | Entered arena 23.
  1320 | D        | Noticed a storm dragon
  1320 | D        | Noticed a storm dragon
  1320 | D        | Noticed a storm dragon
  1320 | D        | Noticed an electric golem
  1321 | D        | Noticed a storm dragon
  1321 | D        | Noticed a titan
  1321 | D        | Noticed a titan
  1321 | D        | Noticed an electric golem
  1321 | D        | Noticed an electric golem
  1321 | D        | Noticed a titan
  1321 | D        | Noticed an electric golem
  1321 | D        | Noticed a storm dragon
  1322 | D        | Noticed a storm dragon
  1323 | D        | Noticed a storm dragon
  1324 | D        | Paralysed by an air elemental for 1 turns
  1324 | D        | Killed from afar by an electric golem

Illustrated notes

Levels and vault maps discovered:
D:        sprint_v [room_start, room_1, room_2, room_3, room_4, room_5, room_6,
          room_7, room_8, room_9, room_10, room_11, room_12, room_13, room_14,
          room_15, room_16, room_17, room_18, room_19, room_20, room_21,
          room_22, room_23, room_24, room_25, room_26, room_27]

Skill      XL: |  1  2  3  4  5  6  7  8  9 10 11 12 13 14 15 |
---------------+----------------------------------------------+-----
Fighting       | 4 5 6 8 9 10 11 13 15 16 18 19 | 19.3
Long Blades    | 4 5 6 7 8 9 11 12 14 15 16 17 | 17.1
Dodging        | 5 6 7 8 9 10 11 13 14 16 | 16.6
Spellcasting   | 2 3 4 6 7 8 10 11 12 14 15 | 15.2
Invocations    | 1 2 3 4 5 7 9 10 12 14 15 17 19 | 19.0
Evocations     | 3 8 11 13 | 13.5
Armour         | 6 10 11 | 11.3
Shields        | 6 |  6.2
Throwing       | |  1.5

Action                     |  1- 3 |  4- 6 |  7- 9 | 10-12 | 13-15 || total
---------------------------+-------+-------+-------+-------+-------++-------
  Melee: Double sword      |     5 |     8 |    20 |    23 |    97 ||   153
         Demon blade       |       |       |       |       |     2 ||     2
  Throw: Throwing net      |       |     1 |       |       |       ||     1
   Cast: Ozocubu's Armour  |       |       |       |     7 |     8 ||    15
         Fulminant Prism   |       |       |       |     1 |     1 ||     2
         Fireball          |       |       |       |       |     3 ||     3
 Invoke: Upheaval          |       |       |     1 |     3 |       ||     4
         Disaster Area     |       |       |     1 |    13 |    15 ||    29
         Elemental Force   |       |       |       |       |     2 ||     2
  Evoke: Condenser vane    |       |       |       |       |     2 ||     2
    Use: Potion            |     1 |       |     1 |     1 |     6 ||     9
         Scroll            |       |     1 |       |     1 |     4 ||     6
 Armour: Fire dragon scale |     2 |     1 |     5 |       |    30 ||    38
         Ring mail         |       |       |       |     1 |       ||     1
  Dodge: Dodged            |       |       |     6 |    17 |    43 ||    66
         Repelled          |       |       |       |       |     5 ||     5
  Block: Kite shield       |     8 |     8 |    54 |    51 |   172 ||   293

Table legend: (Time is in decaauts)
 A = Elapsed time spent in this place.
 B = Non-inter-level travel time spent in this place.
 C = Inter-level travel time spent in this place.
 D = Time resting spent in this place.
 E = Time spent auto-exploring this place.
 F = Levels seen in this place.
 G = Mean time per level.
                   A        B        C        D        E       F      G
               +--------+--------+--------+--------+--------+-----+--------+
         Total |   1326 |   1199 |    127 |    118 |    323 |   1 | 1326.0 |
       Dungeon |   1326 |   1199 |    127 |    118 |    323 |   1 | 1326.0 |
               +--------+--------+--------+--------+--------+-----+--------+

Top non-repeatable levels by time:
       D: 1326 daAuts
